 Dungeon Crawl Stone Soup version 0.29.0-10-g45618ea6d2 (webtiles) character file.

Game seed: 17788137806120956041

15361 night the Thaumaturge (level 12, -1/91 HPs)
             Began as a Gnoll Earth Elementalist on Aug 31, 2022.
             Was an Elder of Kikubaaqudgha.
             Killed from afar by an oklob plant (15 damage)
             ... with a splash of acid
             ... on level 1 of the Lair of Beasts on Sept 1, 2022.
             The game lasted 00:34:56 (16180 turns).

night the Thaumaturge (Gnoll Earth Elementalist)   Turns: 16180, Time: 00:34:57

Health: -1/91      AC:  6    Str:  7    XL:     12   Next: 26%
Magic:  25/25      EV: 13    Int: 18    God:    Kikubaaqudgha [****..]
Gold:   245        SH:  0    Dex: 17    Spells: 17/29 levels left

rFire   . . .      SeeInvis .   Q - +10 morningstar "Eos" {elec, Halo rElec}
rCold   . . .      Faith    .   (no shield)
rNeg    . . .      Spirit   .   J - +3 ring mail of Muth {+Blink}
rPois   .          Reflect  .   (no helmet)
rElec   +          Harm     .   I - +2 cloak
rCorr   +          Rampage  .   A - +1 pair of gloves
Will    .....                   r - +0 pair of boots
Stlth   ++........              (no amulet)
HPRegen 0.25/turn               d - +4 ring of protection
MPRegen 0.19/turn               F - ring of resist corrosion

@: corroded, glowing
A: fangs 1, strong nose, distributed training, agile 1, deformed body
a: Renounce Religion, Evoke Blink, Unearth Wretches


You were on level 1 of the Lair of Beasts.
You worshipped Kikubaaqudgha.
Kikubaaqudgha was greatly pleased with you.
You visited 2 branches of the dungeon, and saw 11 of its levels.

You collected 789 gold pieces.
You spent 544 gold pieces at shops.

Inventory:

Hand Weapons
 l - a +0 hand axe
 u - a +1 great sword of electrocution
 z - a +5 morningstar of freezing
 Q - the +10 morningstar "Eos" (weapon) {elec, Halo rElec}
   (You acquired it on level 10 of the Dungeon)

   It occasionally discharges a powerful burst of electricity upon striking a
   foe.
   It grants its wielder a halo, revealing invisible creatures and increasing
   accuracy against all within it other than the wielder.
   rElec:     It insulates you from electricity.
Missiles
 h - 28 poisoned darts
 j - 93 stones
 y - 3 atropa-tipped darts
 C - 3 boomerangs
 E - 2 throwing nets
 M - a curare-tipped dart
Armour
 k - a +2 robe of willpower
 q - a scarf of resistance
 r - a +0 pair of boots (worn)
 A - a +1 pair of gloves (worn)
 I - a +2 cloak (worn)
 J - the +3 ring mail of Muth (worn) {+Blink}
   (You bought it in a shop on level 6 of the Dungeon)

   +Blink:    It lets you blink.
Jewellery
 d - a +4 ring of protection (left hand)
 p - a ring of poison resistance
 D - a ring of positive energy
 F - a ring of resist corrosion (right hand)
 K - a ring of willpower
Wands
 m - a wand of paralysis (17)
 v - a wand of flame (12)
 G - a wand of acid (12)
 L - a wand of mindburst (3)
 O - a wand of polymorph (6)
Scrolls
 c - 4 scrolls of immolation
 f - a scroll of magic mapping
 g - 4 scrolls of identify
 o - a scroll of teleportation
 H - a scroll of summoning
Potions
 b - a potion of magic
 e - 5 potions of attraction
 i - a potion of cancellation
 n - a potion of lignification
 s - a potion of brilliance
 t - a potion of resistance
 w - a potion of ambrosia {unknown}
 x - 3 potions of might
 B - a potion of curing
 N - a potion of flight {unknown}
 P - a potion of haste {unknown}


   Skills:
 + Level 7.4 Fighting
 + Level 7.4 Short Blades
 + Level 7.4 Long Blades
 + Level 7.4 Axes
 + Level 7.4 Maces & Flails
 + Level 7.4 Polearms
 + Level 7.4 Staves
 + Level 7.4 Ranged Weapons
 + Level 7.4 Throwing
 + Level 7.4 Armour
 + Level 8.8 Dodging
 + Level 8.5 Stealth
 + Level 7.4 Shields
 + Level 7.4 Unarmed Combat
 + Level 9.0 Spellcasting
 + Level 6.1 Conjurations
 + Level 6.1 Hexes
 + Level 6.1 Summonings
 + Level 6.1 Necromancy
 + Level 6.1 Translocations
 + Level 6.5 Transmutations
 + Level 6.1 Fire Magic
 + Level 6.1 Ice Magic
 + Level 6.1 Air Magic
 + Level 8.3 Earth Magic
 + Level 6.1 Poison Magic
 + Level 8.1 Invocations
 + Level 7.4 Evocations


You had 17 spell levels left.
You knew the following spells:

 Your Spells              Type           Power      Damage    Failure   Level
a - Sandblast             Erth           76%        2d16      1%          1
b - Necrotise             Necr           100%       1d9       1%          1
c - Stone Arrow           Conj/Erth      68%        3d11      3%          3
d - Ozocubu's Armour      Ice            30%        N/A       6%          3
e - Animate Dead          Necr           30%        N/A       21%         4

Your spell library contained the following spells:

 Spells                   Type           Power      Damage    Failure   Level
 Beastly Appendage        Tmut           62%        N/A       1%          1
 Freeze                   Ice            100%       1d11      1%          1
 Passwall                 Tmut/Erth      28%        N/A       1%          2
 Wereblood                Tmut           31%        N/A       2%          2
 Sublimation of Blood     Necr           30%        N/A       3%          2
 Spider Form              Tmut/Pois      31%        N/A       5%          3
 Frozen Ramparts          Ice            60%        1d10      6%          3
 Vampiric Draining        Necr           30%        2d8       6%          3
 Petrify                  Tmut/Erth      34%        N/A       12%         4
 Corpse Rot               Necr/Pois/Air  30%        N/A       21%         4
 Dispel Undead            Necr           30%        3d14      21%         4
 Hailstorm                Conj/Ice       30%        3d8       21%         4
 Agony                    Necr           30%        N/A       50%         5
 Death Channel            Necr           15%        N/A       97%         6
 Simulacrum               Ice/Necr       15%        N/A       97%         6
 Ozocubu's Refrigeration  Ice            15%        4d10      100%        7


Dungeon Overview and Level Annotations

Branches:
Dungeon (10/15)            Temple (0/1) D:4            Lair (1/5) D:9
    Orc: D:9-12

Altars:
Cheibriados
Dithmenos
Fedhas
Gozag
Kikubaaqudgha
Nemelex Xobeh
Qazlal
Ru
Trog
Uskayaw
Vehumet
Wu Jian

Shops:
D:6 [

Annotations:
D:4 Sigmund
D:7 1 runed translucent door
Lair:1 exclusion: oklob plant


Innate Abilities, Weirdness & Mutations

You have very sharp teeth.
Your uncanny sense of smell can sniff out nearby items.
Your experience applies equally to all skills.
You are agile. (Dex +4, Str/Int -1)
Armour fits poorly on your strangely shaped body.


Message History

You bite the oklob plant, but do no damage.
The oklob plant spits acid at you. The splash of acid hits you!
The acid corrodes you!
You hit the oklob plant but do no damage.
You bite the oklob plant, but do no damage.
You hit the oklob plant but do no damage.
Lightning courses through the oklob plant!
The oklob plant is lightly damaged.
You hit the oklob plant but do no damage.
Lightning courses through the oklob plant!
You punch the oklob plant, but do no damage.
The oklob plant is moderately damaged.
You hit the oklob plant but do no damage.
The oklob plant is moderately damaged.
The oklob plant spits acid at you. The splash of acid hits you!
The acid corrodes you!
You hit the oklob plant.
The oklob plant is heavily damaged.
You hit the oklob plant.
You bite the oklob plant, but do no damage.
The oklob plant is heavily damaged.
The oklob plant spits acid at you. The splash of acid hits you!!
* * * LOW HITPOINT WARNING * * *
You feel much better.
You're wearing all the rings you can.
Remove which one? (? for menu, Esc to cancel) < or
d - a +4 ring of protection; > or
p - a ring of poison resistance You remove your ring of poison resistance.
The oklob plant spits acid at you. The splash of acid hits you!!
* * * LOW HITPOINT WARNING * * *
The acid corrodes you!
F - a ring of resist corrosion (right hand)
Okay, then.
You feel better. The oklob plant spits acid at you.
The splash of acid hits you! You resist.
You die...
Kikubaaqudgha rasps: "You have failed me!
Welcome... death!"

....# .....#
......####
.........###
......#....#
...........###
...........#.######
......P@....<.....#
.............##.....
.....##....### .##
...........#
#..........#
#P.......... #
.?......#..
..........##


You could see an oklob plant.

Vanquished Creatures
  3 centaur warriors
  2 two-headed ogres
  2 manticores
  Pikel (D:5)
  2 ugly things (D:10)
  A komodo dragon (D:9)
  4 trolls
  A troll (shapeshifter) (D:8)
  A hornet (D:9)
  A slime creature (D:8)
  2 shadows (D:10)
  2 wraiths
  7 yaks
  A steam dragon (D:9)
  An acid dragon (D:8)
  Edmund (D:6)
  4 water moccasins
  4 black bears
  8 orc warriors
  2 sky beasts
  4 ice beasts
  3 wolves
  A lemure (D:5)
  6 centaurs
  3 kobold brigands
  6 bullfrogs
  5 scorpions
  2 gnoll sergeants
  12 wights
  17 killer bees
  4 electric eels (D:9)
  2 howler monkeys
  5 hounds
  3 jellies
  Crazy Yiuf (D:4)
  3 gnoll boudas
  4 orc priests
  8 orc wizards
  4 iguanas
  A mummy (D:10)
  14 gnolls
  9 adders
  2 shadow imps (D:7)
  2 white imps (D:7)
  2 worms
  32 orcs
  6 ball pythons
  5 endoplasms
  9 giant cockroaches
  4 goblins
  4 hobgoblins
  2 jackals (D:2)
  5 quokkas
  4 bats
  11 frilled lizards
  9 kobolds
  3 rats
267 creatures vanquished.

Vanquished Creatures (collateral kills)
  A water moccasin (D:8)
  A centaur (D:10)
  A necrophage (D:8)
  A gnoll sergeant (D:7)
  A wight (D:8)
  2 killer bees (D:9)
  An orc wizard (D:9)
  A white imp (D:8)
  5 orcs
  2 giant cockroaches (D:7)
  2 kobolds (D:9)
18 creatures vanquished.

Vanquished Creatures (others)
  A two-headed ogre zombie (D:9)
  A sky beast (D:8)
  An ice beast (D:8)
  A water moccasin zombie (D:8)
  A troll zombie (D:8)
  A bullfrog zombie (D:8)
  A centaur zombie (D:10)
  13 killer bee zombies
  An ice beast zombie (D:8)
  A sky beast zombie (D:8)
  6 kobold zombies
  A howler monkey zombie (D:10)
  A dart slug (D:8)
  An orc (D:8)
  A giant cockroach (D:8)
  7 gnoll zombies
  14 orc zombies
  A rat (D:7)
  2 fungi (D:1)
  14 plants
70 creatures vanquished.

Grand Total: 355 creatures vanquished

Notes
Turn   | Place    | Note
-------+----------+-------------------------------------------
     0 | D:1      | night the Gnoll Earth Elementalist began the quest for the
                  | Orb.
     0 | D:1      | Reached XP level 1. HP: 13/13 MP: 6/6
   178 | D:1      | Reached skill level 2 in Transmutations
   201 | D:1      | Reached XP level 2. HP: 19/19 MP: 5/7
   344 | D:1      | Found a faded altar of an unknown god.
   349 | D:1      | Prayed at the altar of an unknown god.
   349 | D:1      | Became a worshipper of Kikubaaqudgha
   349 | D:1      | Reached * piety under Kikubaaqudgha
   349 | D:1      | Received a gift from Kikubaaqudgha
   600 | D:2      | Learned a level 1 spell: Necrotise
   688 | D:2      | Reached skill level 5 in Spellcasting
   688 | D:2      | Reached XP level 3. HP: 24/25 MP: 5/9
  1043 | D:2      | Reached skill level 1 in Invocations
  1213 | D:2      | Learned a level 3 spell: Stone Arrow
  1400 | D:2      | Reached skill level 1 in Fighting
  1400 | D:2      | Reached skill level 1 in Short Blades
  1400 | D:2      | Reached skill level 1 in Long Blades
  1400 | D:2      | Reached skill level 1 in Axes
  1400 | D:2      | Reached skill level 1 in Maces & Flails
  1400 | D:2      | Reached skill level 1 in Polearms
  1400 | D:2      | Reached skill level 1 in Staves
  1400 | D:2      | Reached skill level 1 in Ranged Weapons
  1400 | D:2      | Reached skill level 1 in Throwing
  1400 | D:2      | Reached skill level 1 in Armour
  1400 | D:2      | Reached skill level 1 in Shields
  1400 | D:2      | Reached skill level 1 in Unarmed Combat
  1400 | D:2      | Reached skill level 1 in Evocations
  1670 | D:3      | Reached XP level 4. HP: 32/32 MP: 2/11
  2256 | D:3      | Reached skill level 1 in Conjurations
  2256 | D:3      | Reached skill level 1 in Hexes
  2256 | D:3      | Reached skill level 1 in Summonings
  2256 | D:3      | Reached skill level 1 in Necromancy
  2256 | D:3      | Reached skill level 1 in Translocations
  2256 | D:3      | Reached skill level 1 in Fire Magic
  2256 | D:3      | Reached skill level 1 in Ice Magic
  2256 | D:3      | Reached skill level 1 in Air Magic
  2256 | D:3      | Reached skill level 1 in Poison Magic
  2455 | D:4      | Noticed a black bear
  2466 | D:4      | Killed a black bear
  2467 | D:4      | Reached XP level 5. HP: 38/38 MP: 0/12
  2652 | D:4      | Reached skill level 2 in Invocations
  2675 | D:4      | Reached ** piety under Kikubaaqudgha
  2685 | D:4      | Reached XP level 6. HP: 27/44 MP: 5/14
  2901 | D:4      | Noticed Sigmund
  2906 | D:4      | Noticed a black bear
  3170 | D:4      | Reached skill level 2 in Fighting
  3170 | D:4      | Reached skill level 2 in Short Blades
  3170 | D:4      | Reached skill level 2 in Long Blades
  3170 | D:4      | Reached skill level 2 in Axes
  3170 | D:4      | Reached skill level 2 in Maces & Flails
  3170 | D:4      | Reached skill level 2 in Polearms
  3170 | D:4      | Reached skill level 2 in Staves
  3170 | D:4      | Reached skill level 2 in Ranged Weapons
  3170 | D:4      | Reached skill level 2 in Throwing
  3170 | D:4      | Reached skill level 2 in Armour
  3170 | D:4      | Reached skill level 5 in Dodging
  3170 | D:4      | Reached skill level 2 in Shields
  3170 | D:4      | Reached skill level 2 in Unarmed Combat
  3170 | D:4      | Reached skill level 2 in Evocations
  3191 | D:4      | Found a staircase to the Ecumenical Temple.
  3338 | D:4      | Noticed a black bear
  3353 | D:4      | Killed a black bear
  3454 | D:4      | Killed a black bear
  3455 | D:4      | Reached XP level 7. HP: 51/51 MP: 5/15
  3552 | D:4      | Reached skill level 2 in Conjurations
  3552 | D:4      | Reached skill level 2 in Hexes
  3552 | D:4      | Reached skill level 2 in Summonings
  3552 | D:4      | Reached skill level 2 in Necromancy
  3552 | D:4      | Reached skill level 2 in Translocations
  3552 | D:4      | Reached skill level 2 in Fire Magic
  3552 | D:4      | Reached skill level 2 in Ice Magic
  3552 | D:4      | Reached skill level 2 in Air Magic
  3552 | D:4      | Reached skill level 2 in Poison Magic
  3712 | D:4      | Found a runed translucent door.
  3713 | D:4      | Noticed Crazy Yiuf
  3718 | D:4      | Paralysed by Crazy Yiuf for 3 turns
  3721 | D:4      | Killed Crazy Yiuf
  3984 | D:4      | Found a sacrificial altar of Ru.
  4086 | D:5      | Entered Level 5 of the Dungeon
  4201 | D:5      | Reached skill level 5 in Stealth
  4328 | D:5      | Noticed Pikel
  4443 | D:5      | HP: 7/51 [Pikel/+0 whip of freezing (2)]
  4462 | D:5      | Killed Pikel
  4463 | D:5      | Reached skill level 6 in Spellcasting
  4463 | D:5      | Reached XP level 8. HP: 13/58 MP: 10/17
  4904 | D:5      | Found a hide-covered altar of Uskayaw.
  5081 | D:5      | Found a stormy altar of Qazlal.
  5601 | D:6      | Found a shadowy altar of Dithmenos.
  5740 | D:6      | Noticed a yak
  5741 | D:6      | Noticed a yak
  5744 | D:6      | Noticed a yak
  5747 | D:6      | Gained mutation: You possess an exceptional clarity of
                  | mind. [potion of mutation]
  5747 | D:6      | Gained mutation: You occasionally lose the ability to read
                  | scrolls when taking damage. [potion of mutation]
  5747 | D:6      | Lost mutation: You possess an exceptional clarity of mind.
                  | [potion of mutation]
  5750 | D:6      | Killed a yak
  5752 | D:6      | Killed a yak
  5765 | D:6      | Noticed a yak
  5782 | D:6      | Killed a yak
  5783 | D:6      | Reached XP level 9. HP: 25/65 MP: 13/18
  5785 | D:6      | HP: 7/65 [yak (10)]
  6003 | D:6      | Identified the +3 dagger of Anxiety {protect, rElec}
  6025 | D:6      | Noticed Edmund
  6032 | D:6      | Killed Edmund
  6398 | D:6      | Found an ornate altar of the Wu Jian Council.
  6732 | D:6      | Reached skill level 5 in Invocations
  6809 | D:6      | Found Seishy's Armour Emporium.
  6828 | D:6      | Learned a level 3 spell: Ozocubu's Armour
  7026 | D:7      | Reached *** piety under Kikubaaqudgha
  7026 | D:7      | Received a gift from Kikubaaqudgha
  7215 | D:7      | Found a radiant altar of Vehumet.
  7315 | D:7      | Reached skill level 7 in Spellcasting
  7398 | D:7      | Learned a level 4 spell: Animate Dead
  7735 | D:7      | Found a runed translucent door.
  7737 | D:7      | Found a runed translucent door.
  7755 | D:7      | Reached skill level 5 in Fighting
  7755 | D:7      | Reached skill level 5 in Short Blades
  7755 | D:7      | Reached skill level 5 in Long Blades
  7755 | D:7      | Reached skill level 5 in Axes
  7755 | D:7      | Reached skill level 5 in Maces & Flails
  7755 | D:7      | Reached skill level 5 in Polearms
  7755 | D:7      | Reached skill level 5 in Staves
  7755 | D:7      | Reached skill level 5 in Ranged Weapons
  7755 | D:7      | Reached skill level 5 in Throwing
  7755 | D:7      | Reached skill level 5 in Armour
  7755 | D:7      | Reached skill level 5 in Shields
  7755 | D:7      | Reached skill level 5 in Unarmed Combat
  7755 | D:7      | Reached skill level 5 in Evocations
  7755 | D:7      | Reached XP level 10. HP: 61/74 MP: 14/20
  8656 | D:8      | Found a bloodstained altar of Trog.
  8919 | D:8      | Reached skill level 5 in Transmutations
  8929 | D:8      | HP: 8/67 [kobold brigand/+0 whip (3)]
  9323 | D:8      | Noticed a two-headed ogre
  9333 | D:8      | Killed a two-headed ogre
  9618 | D:8      | Noticed a centaur warrior
  9628 | D:8      | Killed a centaur warrior
  9694 | D:8      | Reached skill level 5 in Conjurations
  9694 | D:8      | Reached skill level 5 in Hexes
  9694 | D:8      | Reached skill level 5 in Summonings
  9694 | D:8      | Reached skill level 5 in Necromancy
  9694 | D:8      | Reached skill level 5 in Translocations
  9694 | D:8      | Reached skill level 5 in Fire Magic
  9694 | D:8      | Reached skill level 5 in Ice Magic
  9694 | D:8      | Reached skill level 5 in Air Magic
  9694 | D:8      | Reached skill level 5 in Poison Magic
  9694 | D:8      | Reached XP level 11. HP: 40/81 MP: 16/22
  9876 | D:8      | Reached skill level 8 in Spellcasting
 10037 | D:7      | Reached **** piety under Kikubaaqudgha
 10641 | D:8      | Noticed a centaur warrior
 10647 | D:8      | Killed a centaur warrior
 10922 | D:8      | Found an opulent altar of Gozag.
 11280 | D:8      | Lost mutation: You occasionally lose the ability to read
                  | scrolls when taking damage. [potion of mutation]
 11280 | D:8      | Gained mutation: Armour fits poorly on your strangely
                  | shaped body. [potion of mutation]
 11280 | D:8      | Gained mutation: You are agile. (Dex +4, Str/Int -1)
                  | [potion of mutation]
 11695 | D:6      | Bought a +2 cloak for 181 gold pieces
 11695 | D:6      | Bought the +3 ring mail of Muth {+Blink} for 363 gold
                  | pieces
 11818 | D:9      | Noticed a centaur warrior
 11886 | D:9      | Noticed a manticore
 12409 | D:9      | Killed a centaur warrior
 12504 | D:9      | Killed a manticore
 12734 | D:9      | Found a staircase to the Lair.
 12743 | D:9      | Identified the +1 robe of the Eleven People {rF+ rC- Int+3
                  | SInv}
 13485 | D:9      | Found a blossoming altar of Fedhas.
 13792 | D:9      | Noticed a two-headed ogre
 13815 | D:9      | Killed a two-headed ogre
 14498 | D:10     | Entered Level 10 of the Dungeon
 14603 | D:10     | Found a snail-covered altar of Cheibriados.
 14875 | D:10     | Reached XP level 12. HP: 90/91 MP: 15/24
 14905 | D:10     | Identified a scroll of acquirement
 14905 | D:10     | Acquired the +10 morningstar "Eos" {elec, Halo rElec}
 14905 | D:10     | Found the +10 morningstar "Eos" {elec, Halo rElec}
 14906 | D:10     | HP: 4/91 [cyan ugly thing (15)]
 15479 | D:10     | Found a sparkling altar of Nemelex Xobeh.
 15640 | D:10     | Reached skill level 9 in Spellcasting
 16113 | D:10     | Upgraded the game from 0.29.0-7-g18a832c13a to
                  | 0.29.0-10-g45618ea6d2
 16164 | Lair:1   | Entered Level 1 of the Lair of Beasts
 16176 | Lair:1   | HP: 7/91 [oklob plant/splash of acid (26)]
 16178 | Lair:1   | HP: 3/91 [oklob plant/splash of acid (23)]
 16180 | Lair:1   | Killed from afar by an oklob plant

Illustrated notes

Levels and vault maps discovered:
D:1:      minmay_arrival_solitary_statue, layout_basic,
          shapermc_ecumenical_altar_acropolis
D:2:      layout_basic
D:3:      layout_basic, dk_vineyard_1
D:4:      layout_cave_pools, kennysheep_mini_moat, minmay_temple_entry_arrows,
          minmay_lizard_king, uniq_crazy_yiuf_cottage, uniq_sigmund
D:5:      layout_basic, lemuel_doored_altar, nicolae_uskayaw_dance_hall,
          chequers_serial_rivers_micro_a, uniq_pikel
D:6:      layout_loops_ring, nicolae_wu_jian_immortal_techniques,
          mainiacjoe_overflow_surrounded_room, serial_shops, shop, uniq_edmund
D:7:      lemuel_insect_pit, layout_basic, mainiacjoe_overflow_six_doors_small
D:8:      nzn_winding_woodlands_stair_cross
          [nzn_winding_woodlands_5x15_lazy_stream,
          nzn_winding_woodlands_center_garden, nzn_winding_woodlands_5x15_cabin,
          nzn_winding_woodlands_5x5_checkerboard,
          nzn_winding_woodlands_5x5_three, nzn_winding_woodlands_5x15_zeroes,
          nzn_winding_woodlands_center_diamonds,
          nzn_winding_woodlands_5x15_crooked], layout_basic,
          mainiacjoe_overflow_small_starburst, nicolae_overflow_hidden_temple,
          bloody_trog, serial_glass, glass_columns_a, glass_columns_a,
          grunt_ministairs_6, minmay_fractal_squares_diagonal_5
D:9:      layout_basic, fedhas_bush_and_centaur_altar, erik_lair_island,
          kennysheep_big_empty_room
D:10:     minmay_ornate_pinched, layout_loops_cross,
          nemelex_xobeh_ov_fountains_minmay, slow_altar_1
Lair:1:   minmay_lair_venomous_thicket, layout_cave_pods,
          chequers_serial_rivers_marsh, serial_bayou_pond_a,
          hangedman_lair_unloving_vines, dpeg_stationary_puzzle,
          infiniplex_staircase_pool

Skill      XL: |  1  2  3  4  5  6  7  8  9 10 11 12 |
---------------+-------------------------------------+-----
Transmutations | 2 3 4 5 6 |  6.5
Spellcasting   | 5 6 7 8 9 |  9.0
Invocations    | 1 2 3 4 5 6 7 8 |  8.1
Fighting       | 1 2 3 4 5 6 7 |  7.4
Short Blades   | 1 2 3 4 5 6 7 |  7.4
Long Blades    | 1 2 3 4 5 6 7 |  7.4
Axes           | 1 2 3 4 5 6 7 |  7.4
Maces & Flails | 1 2 3 4 5 6 7 |  7.4
Polearms       | 1 2 3 4 5 6 7 |  7.4
Staves         | 1 2 3 4 5 6 7 |  7.4
Ranged Weapons | 1 2 3 4 5 6 7 |  7.4
Throwing       | 1 2 3 4 5 6 7 |  7.4
Armour         | 1 2 3 4 5 6 7 |  7.4
Shields        | 1 2 3 4 5 6 7 |  7.4
Unarmed Combat | 1 2 3 4 5 6 7 |  7.4
Evocations     | 1 2 3 4 5 6 7 |  7.4
Conjurations   | 1 2 3 4 5 6 |  6.1
Hexes          | 1 2 3 4 5 6 |  6.1
Summonings     | 1 2 3 4 5 6 |  6.1
Necromancy     | 1 2 3 4 5 6 |  6.1
Translocations | 1 2 3 4 5 6 |  6.1
Fire Magic     | 1 2 3 4 5 6 |  6.1
Ice Magic      | 1 2 3 4 5 6 |  6.1
Air Magic      | 1 2 3 4 5 6 |  6.1
Poison Magic   | 1 2 3 4 5 6 |  6.1
Dodging        | 5 6 7 8 |  8.8
Stealth        | 5 6 7 8 |  8.5
Earth Magic    | 6 7 8 |  8.3

Action                   |  1- 3 |  4- 6 |  7- 9 | 10-12 || total
-------------------------+-------+-------+-------+-------++-------
Melee: Hand axe          |    24 |       |       |       ||    24
       Bite              |     1 |       |    10 |    19 ||    30
       Great sword       |       |    25 |   110 |   128 ||   263
       Morningstar       |       |       |       |   101 ||   101
       Punch             |       |       |       |     2 ||     2
Throw: Dart              |       |     3 |       |       ||     3
       Stone             |       |     1 |       |       ||     1
 Cast: Sandblast         |    27 |    24 |    39 |    54 ||   144
       Necrotise         |     9 |    10 |    33 |     2 ||    54
       Stone Arrow       |     1 |     8 |    43 |   137 ||   189
       Animate Dead      |       |       |     2 |    11 ||    13
       Ozocubu's Armour  |       |       |     1 |    11 ||    12
Invok: Unearth Wretches  |       |       |     1 |     3 ||     4
Evoke: Wand              |       |       |       |     8 ||     8
  Use: Scroll            |       |    10 |     2 |     4 ||    16
       Potion            |       |       |     8 |     5 ||    13
 Stab: Sleeping          |     1 |     1 |     2 |     1 ||     5
       Invisible         |       |       |     1 |       ||     1
       Paralysed         |       |       |     1 |     2 ||     3
       Distracted        |       |       |       |     2 ||     2
Armor: Robe              |     9 |    16 |    80 |   130 ||   235
       Skin              |       |       |     9 |       ||     9
       Ring mail         |       |       |       |   150 ||   150
Dodge: Dodged            |    31 |    29 |   134 |   415 ||   609
